Map: [ESL] Gresvan

Players

ShaDoWn - Winner!

  • Race: Protoss Protoss
  • Spawn Location: 11:00

ShoWTimE

  • Race: Protoss Protoss
  • League: Grandmaster
  • Spawn Location: 5:00

Event: HomeStory Cup XXIII

VOD

Have the link to the VOD?

Description

Time

  • Played on: July 1, 2023, 3:14 p.m.
  • Length: 8:13

All games in this series

Show
View Real Time Build Order
Export as new Build Order

ShaDoWn Protoss - Winner!

Build Orders: Blink Stalkers 

Get SALT Encoding   

  12  0:00  Probe  
  13  0:12  Probe  
  14  0:18  Pylon  
  14  0:24  Probe  
  15  0:37  Gateway, Probe (Chrono Boost)  
  16  0:48  Assimilator, Probe (Chrono Boost)  
  17  0:53  Probe (Chrono Boost)  
  17  0:56  Assimilator  
  18  1:03  Probe (Chrono Boost)  
  19  1:07  Gateway  
  19  1:13  Probe (Chrono Boost)  
  19  1:18  Probe (Chrono Boost)  
  21  1:25  Cybernetics Core  
  21  1:29  Probe  
  22  1:41  Probe  
  22  1:46  Pylon  
  23  2:02  Warp Gate  
  23  2:04  Stalker, Probe  
  23  2:05  Stalker  
  28  2:19  Probe  
  29  2:30  Pylon  
  29  2:31  Probe  
  30  2:43  Nexus  
  30  2:48  Sentry, Probe  
  33  3:00  Shield Battery, Probe  
  33  3:05  Pylon  
  34  3:12  Twilight Council  
  34  3:14  Probe  
  35  3:23  Pylon  
  35  3:26  Probe  
  36  3:38  Probe  
  37  3:44  Blink (Chrono Boost)  
  37  3:50  Stalker, Probe  
  40  3:56  Probe  
  40  4:02  Probe  
  42  4:05  Stalker  
  44  4:10  Probe  
  44  4:14  Probe  
  46  4:22  Probe  
  47  4:28  Stalker x2  
  47  4:29  Probe  
  52  4:36  Probe  
  49  4:41  Probe  
  50  4:49  Nexus  
  50  4:50  Probe  
  51  4:53  Stalker  
  51  4:56  Probe  
  54  5:03  Pylon, Probe  
  55  5:10  Stalker  
  55  5:11  Probe  
  58  5:14  Pylon  
  58  5:15  Probe  
  58  5:19  Stalker  
  61  5:36  Probe  
  61  5:38  Stalker  
  61  5:40  Probe  
  61  5:41  Phoenix  
  60  5:44  Stalker  
  60  5:48  Probe  
  61  5:52  Charge (Chrono Boost)  
  61  5:53  Probe (Chrono Boost)  
  62  5:59  Shield Battery  
  62  6:01  Gateway  
  62  6:03  Gateway, Probe (Chrono Boost)  
  64  6:05  Probe (Chrono Boost)  
  64  6:09  Stalker  
  64  6:10  Probe (Chrono Boost)  
  68  6:12  Probe (Chrono Boost)  
  68  6:15  Probe (Chrono Boost)  
  68  6:16  Assimilator  
  68  6:17  Probe (Chrono Boost)  
  70  6:24  Zealot, Probe  
  74  6:27  Pylon, Probe  
  74  6:35  Stalker  
  74  6:46  Probe  
  69  6:50  Pylon  
  69  6:51  Zealot  
  69  6:54  Gateway  
  72  6:57  Zealot  
  72  6:58  Zealot x2  
  78  7:01  Probe  
  78  7:12  Zealot  
  78  7:14  Pylon  
  80  7:17  Probe x3  
  80  7:19  Pylon  
  80  7:20  Zealot  
  80  7:21  Zealot x2  
  89  7:29  Probe (Chrono Boost)  
  92  7:31  Probe (Chrono Boost)  
  92  7:33  Probe (Chrono Boost)  
  92  7:35  Zealot  
  92  7:40  Forge, Probe (Chrono Boost)  
  92  7:42  Zealot x3, Probe (Chrono Boost)  
  101  7:46  Probe (Chrono Boost)  
  101  7:53  Probe  
  101  7:55  Probe  
  97  8:03  Stalker x4  
  97  8:04  Stalker  
Show
View Real Time Build Order
Export as new Build Order

ShoWTimE Protoss 

Build Orders: Oracle Opening 

Get SALT Encoding   

  12  0:00  Probe  
  13  0:12  Probe  
  14  0:16  Pylon  
  14  0:24  Probe (Chrono Boost)  
  15  0:36  Probe (Chrono Boost), Gateway  
  16  0:43  Probe (Chrono Boost)  
  16  0:45  Assimilator  
  17  0:50  Probe  
  17  0:53  Assimilator  
  18  1:03  Probe (Chrono Boost)  
  19  1:07  Gateway  
  20  1:12  Probe (Chrono Boost)  
  20  1:17  Probe (Chrono Boost)  
  20  1:22  Cybernetics Core  
  21  1:29  Probe  
  22  1:33  Pylon  
  22  1:41  Probe  
  23  1:53  Probe  
  24  1:59  Adept x2  
  28  2:04  Stargate  
  28  2:09  Probe  
  28  2:10  Warp Gate  
  29  2:17  Pylon  
  29  2:22  Probe  
  30  2:35  Adept x2  
  30  2:37  Probe  
  35  2:47  Pylon  
  35  2:55  Shield Battery, Oracle (Chrono Boost)  
  38  3:06  Stalker  
  38  3:09  Probe  
  41  3:15  Stalker  
  43  3:21  Pylon  
  43  3:33  Oracle  
  47  3:36  Pylon  
  47  3:38  Probe  
  47  3:54  Robotics Facility  
  47  3:57  Pylon  
  47  4:04  Probe  
  48  4:10  Pylon  
  48  4:17  Zealot, Sentry  
  53  4:28  Pylon  
  52  4:37  Phoenix  
  52  4:38  Immortal (Chrono Boost)  
  54  4:50  Nexus  
  54  4:53  Probe  
  55  5:07  Immortal (Chrono Boost)  
  55  5:11  Probe  
  60  5:28  Sentry, Stalker  
  64  5:41  Warp Prism (Chrono Boost)  
  66  5:53  Stalker x2  
  66  6:12  Observer (Chrono Boost)  
  66  6:14  Gateway x2  
  67  6:18  Stalker  
  67  6:19  Stalker  
  67  6:20  Probe  
  67  6:22  Probe  
  73  6:44  Stalker x2  
  69  6:48  Immortal (Chrono Boost)  
  69  6:50  Probe x2  
  75  7:07  Shield Battery  
  77  7:12  Twilight Council  
  77  7:13  Zealot x2, Stalker  
  81  7:16  Zealot  
  81  7:19  Assimilator  
  83  7:34  Stalker x2  
  87  7:37  Pylon  
  87  7:38  Zealot  
  89  7:46  Stalker  
  91  7:52  Pylon  
  91  8:02  Stalker x2  
Tags
 
Add a new tag
Caveats
  • Supply blocks, unpowered buildings, or Contaminate may cause inaccurate times.
  • Supply counts are checked every 10 seconds.